Workbook
Name _ftn1: 'прил 2'!#REF!
Name _ftn2: 'прил 2'!#REF!
Name _ftn3: 'прил 2'!#REF!
Name _ftnref1: 'прил 2'!#REF!
Name _ftnref2: 'прил 2'!#REF!
Name _ftnref3: 'прил 2'!#REF!

Sheet прил 2
P1: Приложение 2 к Инструкции о порядке и формах учета и отчетности о поступлении средств в избирательные фонды кандидатов, избирательных объединений и расходовании этих средств, в том числе по каждой операции, при проведении выборов депутатов представительных органов и глав муниципальных образований на територии Владимирской области, утвержденной Постановлением Избирательной комиссии Владимирской области от 04.06.2015 № 86
E3: УЧЕТ
C4: поступления и расходования денежных средств, в том числе по каждой операции, избирательного фонда кандидата, избирательного объединения
C6: выборы депутатов Совета народных депутатов города Владимира двадцать седьмого созыва
C7: (наименование избирательной кампании)
C8: Фоменко Леонид Васильевич,
C9: (фамилия, имя, отчество кандидата, наименование избирательного объединения)
C10: одномандатный избирательный округ №8
C11: (наименование или номер избирательного округа)
C12: 40810810110009000016 в ОАО Сбербанк России в Дополнительном офисе №8611/0168, г. Владимир, проспект Ленина д.62
C13: (номер специального избирательного счета, наименование и адрес филиала ОАО «Сбербанк России»)
A15: 1. Поступило средств в избирательный фонд
A16: Дата зачисления средств на счет | D16: Источник поступления средств* | N16: Шифр строки финансового отчета | Q16: Сумма (рублей) | T16: Документ, подтверждающий поступление средств | Y16: Средства, поступившие с нарушением установленного порядка и подлежащие возврату (рублей)
A17: 1 | D17: 2 | N17: 3 | Q17: 4 | T17: 5 | Y17: 6
A18: 42195 | D18: 40703810510020100149 Владимирское региональное отделении Всероссийской политической партии "Единая Россия" | N18: 40 | Q18: 375000 | T18: 444 | Y18: 0
A19: 42219 | D19: 40703810510020100149 Владимирское региональное отделении Всероссийской политической партии "Единая Россия" | N19: 40 | Q19: 500000 | T19: 501 | Y19: 0
A20: 42235 | D20: 40703810510020100149 Владимирское региональное отделении Всероссийской политической партии "Единая Россия" | N20: 40 | Q20: 275000 | T20: 537 | Y20: 0
A21: 42254 | D21: Фоменко Леонид Васильевич 29 октября 1977 года рождения, место рождения: гор.Гулистан Сырдарьинской обл. Узбекской ССР, граажданство:РФ, паспорт гражданина России 1704 555053, выданный ОВД Ленинского района г.Владимир 08.02. 2005 г., зарегистрирован по месту жительства: Владимирская область, г. Владимир, ул.Перекопский гор., д.1 кв.5 | N21: 30 | Q21: 12000 | T21: приходно-кассовый ордер №1 | Y21: 0
A22: 42256 | D22: 40703810510020100149 Владимирское региональное отделении Всероссийской политической партии "Единая Россия" | N22: 40 | Q22: 75000 | Y22: 0
D46: Итого: | Q46: =SUM(Q18:S45) -> 1237000 | Y46: =SUM(Y18:AC45) -> 0
A49: * Для гражданина указываются фамилия, имя, отчество, дата рождения, адрес места жительства, серия и номер паспорта или заменяющего его документа, информация о гражданстве; для юридического лица – ИНН, наименование, дата регистрации, банковские реквизиты (наименование банка, номер расчетного счета), отметка об отсутствии ограничений, предусмотренных пунктом 4 статьи 57 Закона Владимирской области от 13.02.2003 № 10-ОЗ.
A51: II. Возвращено денежных средств в избирательный фонд (в т.ч. ошибочно перечисленных, неиспользованных)**
A52: Дата возврата средств на счет | D52: Кому перечислены средства | N52: Шифр строки финансового отчета | Q52: Возвращено, перечислено в бюджет средств (рублей) | T52: Основание возврата средств на счет | Y52: Документ, подтверждающий возврат средств
A53: 1 | D53: 2 | N53: 3 | Q53: 4 | T53: 5 | Y53: 6
Q54: 0
Q55: 0
Q56: 0
D59: Итого: | Q59: =SUM(Q54:S58) -> 0
A61: III. Возвращено, перечислено в бюджет средств избирательного фонда
A62: Дата зачисления средств на счет | C62: Дата возврата (перечисле-ния) средств со счета | E62: Источник поступления средств*** | N62: Шифр строки финансового отчета | Q62: Возвращено, перечислено в бюджет средств (рублей) | T62: Основание возврата (перечисления) средств | Y62: Документ, подтверждающий возврат (перечисление) средств
A63: 1 | C63: 2 | E63: 3 | N63: 4 | Q63: 5 | T63: 6 | Y63: 7
Q64: 0
E74: Итого: | Q74: =SUM(Q64:S73) -> 0
A76: ** В финансовом отчете возвраты в фонд неиспользованных и ошибочно перечисленных денежных средств не отражаются.
A77: *** Для гражданина указываются фамилия, имя, отчество, адрес места жительства, серия и номер паспорта или заменяющего его документа; информация о гражданстве, для юридического лица – ИНН, наименование, дата регистрации, банковские реквизиты (наименование бенка, номер расчетного счета).
A78: IV. Израсходовано средств из избирательного фонда
A79: Дата расходной операции | C79: Кому перечислены средства | H79: Шифр строки финансо-вого отчета**** | J79: Сумма (рублей) | M79: Виды расходов | Q79: Документ, подтверждающий расход | T79: Основание для перечисления денежных средств | W79: Сумма ошибочно перечисленных, неиспользо-ванных средств, возвращенных в фонд (рублей) | Z79: Сумма фактически израсходованных средств (рублей)
A80: 1 | C80: 2 | H80: 3 | J80: 4 | M80: 5 | Q80: 6 | T80: 7 | W80: 8 | Z80: 9
A81: 42200 | C81: ИНН 774000076 ПАО МТС р/с 40702810900000001735 ПАО "МТС-БАНК" г.Москва | H81: 280 | J81: 500 | M81: оплата связи - телефон доверия кандидата | Q81: платежное поручение №426065 от 15.07.2015 | T81: счет на предопату услуг от 15.0.2015 | W81: 0 | Z81: 500
A82: 42200 | C82: ООО "Владимрская офсетная типография" ИНН 3327100714 ,600036 р/с 40702810002200000743 в ОАО "Уралсиб" | H82: 240 | J82: 16756 | M82: М1 агитационный печатный материал-листовка биография | Q82: платежное поручение №426053 от 15.07.2015426053 | T82: счет 3 15628-НЗ от 13.07.2015 | W82: 0 | Z82: 16756
A83: 42201 | C83: ИНН 3329060545 ООО "Спринт" р/ 40702810108510008085 филиал№3652 ВТБ24 (ПАО) г.Воронеж | H83: 240 | J83: 7300 | M83: М3 изготовление плакатов на баннерной ткани | Q83: плтежное поручение №442241 от 16.07.2015 | T83: счет №542 от 15.07.2015 | W83: 0 | Z83: 7300
A84: 42201 | C84: ИНН 332805319440 ИП Бангишвилли Д.А. р/с 40802810100001000074 ФИЛИАЛ НБ"ТРАСТ" (ОАО) в г.Владимир | H84: 280 | J84: 45000 | M84: Реклама 2015 г.Владимир, размещение баннеров пр-т Строителей (напротив дома 3/7) с 15.07.2015 по 12.09.2015 | Q84: платежное поручение №442218 от 16.07.2015 | T84: счет№34 от 15.07.2015 | W84: 0 | Z84: =J84-W84 -> 45000
A85: 42202 | C85: ИНН 3328428402 ООО "Формат СК" р/с 40702810109250000865 ФИЛИАЛ ОАО БАНК ВТБ В Г.ВОРОНЕЖЕ | H85: 280 | J85: 36300 | M85: Размещение рекламного изображения ул.Горького, 103 В, ул.Горького,94 | Q85: ПЛАТЕЖНОЕ ПОРУЧЕНИЕ №457986 ОТ 17.07 2015 | T85: счет №349 от 15.07.2015 | W85: 0 | Z85: =J85-W85 -> 36300
A86: 42202 | C86: Ласин Роман Михайлович 03.06.1984, Владимирская обл., г. Владимир, ул. Верхняя Дуброва, д.3 кв.59 РФ, паспорт 1712, 229832 | H86: 270 | J86: 80000 | M86: аренда транспортного средства с экипажем | Q86: платежное поручение №764607 от 17.07.2015 | T86: расчетный кассовый ордер от15.08.2015 | W86: 0 | Z86: =J86-W86 -> 80000
A87: 42205 | C87: ООО "Владимрская офсетная типография" ИНН 3327100714 ,600036 р/с 40702810002200000743 в ОАО "Уралсиб" | H87: 240 | J87: 4661 | M87: М1 агитационный печатный материал "Плакат А4" | Q87: плтежное поручение №485994 от 17.07.2015 | T87: счет №68-юр от 20.07.2015 | W87: 0 | Z87: =J87-W87 -> 4661
A88: 42205 | C88: ООО "Владимрская офсетная типография" ИНН 3327100714 ,600036 р/с 40702810002200000743 в ОАО "Уралсиб" | H88: 240 | J88: 6726 | M88: М1 агитационный печатный материал "Карманный календарь" | Q88: платежное поручение №485921 от 20.07.2015 | T88: счет №15677-НЗ от 20.07.2015 | W88: 0 | Z88: =J88-W88 -> 6726
A89: 42205 | C89: ООО "Владимрская офсетная типография" ИНН 3327100714 ,600036 р/с 40702810002200000743 в ОАО "Уралсиб" | H89: 240 | J89: 18585 | M89: М1 агитационный печатный материал-листовка "отчет А4" | Q89: платежное поручение №485872 от20.07.2015 | T89: счет №15676-НЗ от 20.07.2015 | W89: 0 | Z89: =J89-W89 -> 18585
A90: 42207 | C90: ООО "Владимрская офсетная типография" ИНН 3327100714 ,600036 р/с 40702810002200000743 в ОАО "Уралсиб" | H90: 240 | J90: 8241 | M90: М1 агитационный печатный материал "Благодарственное письмо" | Q90: платежное поручение №521392 от 22.07.2015 | T90: счет №15679-НЗ от 20.07.2015 | W90: 0 | Z90: =J90-W90 -> 8241
A91: 42213 | C91: НИИ 332801299305 ИП Краснов Илья Евгеньевич р/с 40802810600260002889 ФИЛИАЛ ВРУ ОАО "МИНБ" Г.ВЛАДИИМР | H91: 270 | J91: 1520 | M91: обслуживание оргтехники | Q91: Платежное поручение №598882 от 28.07.2015 | T91: счет №143 от 24.07.2015 | W91: 0 | Z91: =J91-W91 -> 1520
A92: 42213 | C92: ИНН 3329060545 ООО "Спринт" р/ 40702810108510008085 филиал№3652 ВТБ24 (ПАО) г.Воронеж | H92: 270 | J92: 3650 | M92: изготовление плакатов на самоклейке | Q92: Платежное поручение №598882 от 28.07.2015 | T92: счет №572 от 27.07.2015 | W92: 0 | Z92: =J92-W92 -> 3650
A93: 42213 | C93: Печенина Анастасия Александровна, РФ.Владимирская обл., г.Владимир, мкр.Лесной д.8 кв.41 паспорт 1704 555053,Халилов Рахим Холмухамедович 08.05.2015, Владимирская обл., Суздальский р-н, с. Ославское, ул. Центральная, 25А кв.2, паспорт 1706 750489 | H93: 270 | J93: 48500 | M93: оплата печати подписных листов на принтере и дизайна полиграфической продукции | Q93: Платежное поручение №791716 от 28.07.2015 | T93: расходныйе кассовые ордера по договор П-2 от 20.07.2015 и Д-1-2015 от 18.07.2015 | W93: 0 | Z93: =J93-W93 -> 48500
A94: 42216 | C94: ООО "Владимрская офсетная типография" ИНН 3327100714 ,600036 р/с 40702810002200000743 в ОАО "Уралсиб" | H94: 240 | J94: 12331 | M94: М1 агитационный печатный материал- листовка Фоменко А3 | Q94: платежное поручение №645638 от 31.07.20.15 | T94: счет №16084-НЗ от 30.07.2015 | W94: 0 | Z94: =J94-W94 -> 12331
A95: 42219 | C95: Метелёв Андрей Александрович 06.08.1973 г.р. Паспорт 1704 092774, РФ, г. Владимир, Владимирская обл., ул. В.Дуброва, дом 28А кв.139 | H95: 260 | J95: 60000 | M95: юридические услуги | Q95: платежное поручение №806551 от 03.08.2015 | T95: расходный кассовый ордер договор Юр -1-2015 | W95: 0 | Z95: =J95-W95 -> 60000
A96: 42221 | C96: Метелёв Андрей Александрович 06.08.1973 г.р. Паспорт 1704 092774, РФ, г. Владимир, Владимирская обл., ул. В.Дуброва, дом 28А кв.139 | H96: 260 | J96: 378000 | M96: юридические услуги | Q96: платежное поручение№813057 от 05.08.2015 | T96: расходный кассовый ордер,договор Юр -1-2015 | W96: 0 | Z96: =J96-W96 -> 378000
A97: 42228 | C97: Липанс Георгий Раймоднович 13.08.1990 г.р., г.Владимир, Владимирская обл., ул. Березина, д.5 кв.1 паспорт 1710 059860 | H97: 270 | J97: 120000 | M97: аренда транспортных средств | Q97: платежное поручение №834545 от 12.08.2015 | T97: договор ТС-2 от 01.08.2015 | Z97: =J97-W97 -> 120000
A98: 42237 | C98: ООО "Владимрская офсетная типография" ИНН 3327100714 ,600036 р/с 40702810002200000743 в ОАО "Уралсиб" | H98: 240 | J98: 19116 | M98: М1 агитационный печатный материал- листовка ФоменкоА3 | Q98: платежное поручение №928342 от 21.08.2015 | T98: счет №16366-НЗ от 19.08.2015 | W98: 0 | Z98: =J98-W98 -> 19116
A99: 42244 | C99: ООО "Владимрская офсетная типография" ИНН 3327100714 ,600036 р/с 40702810002200000743 в ОАО "Уралсиб" | H99: 240 | J99: 4661 | M99: М1 агитационный печатный материал - плакат А3 | Q99: плтежное поручение №28068 от 28.08.2015 | T99: счет №16460-НЗ от 25.08.2015 | W99: 0 | Z99: =J99-W99 -> 4661
A100: 42248 | C100: ООО "Владимрская офсетная типография" ИНН 3327100714 ,600036 р/с 40702810002200000743 в ОАО "Уралсиб" | H100: 240 | J100: 9870 | M100: М1 агитационный печатный материал-календарь "Фоменко Л.В." А3 | Q100: платежное поручение №97562 от 01.09.2015 | T100: счет №16597-НЗ от 25.08.2015 | W100: 0 | Z100: =J100-W100 -> 9870
A101: 42248 | C101: ООО "Владимрская офсетная типография" ИНН 3327100714 ,600036 р/с 40702810002200000743 в ОАО "Уралсиб" | H101: 240 | J101: 21240 | M101: М1 агитационный материал-листовка | Q101: платежное поручение №97557 от 01.09.2015 | T101: счет № 16598 от 01.09.2015 | W101: 0 | Z101: =J101-W101 -> 21240
A102: 42250 | C102: ООО "Владимрская офсетная типография" ИНН 3327100714 ,600036 р/с 40702810002200000743 в ОАО "Уралсиб" | H102: 240 | J102: 4960 | M102: М1 агитационный печатный материал-листока | Q102: платежное поручение №135034 от 03.09.2015 | T102: счет №16622-08 от 02.09.2015 | W102: 0 | Z102: =J102-W102 -> 4960
A103: 42250 | C103: Белякова Евгения Леонидовна 27.12.1963 г.р. Владимирская обл, Суздальский р-н, с.Новое, ул. Полевая, д.4 паспорт 1708 904673 | H103: 270 | J103: 242083 | M103: оплата услуг по написанию агитационных материалов | Q103: платежное поручение №893688 от 03.09.2015 | T103: расчетный кассовый ордер, договор 1-АВ от 10.07.2015 | W103: 0 | Z103: =J103-W103 -> 242083
A104: 42254 | C104: ООО "Владимрская офсетная типография" ИНН 3327100714 ,600036 р/с 40702810002200000743 в ОАО "Уралсиб" | H104: 240 | J104: 11940 | M104: М1, агитационный печатный материал Листовка А4 | Q104: платежное поручение №175936 от 07.09.2015 | T104: счет №16670-НЗ от 07.09.2015 | W104: 0 | Z104: =J104-W104 -> 11940
A105: 42256 | C105: Львова Наталья Бенаминовна, 22.09.1948 г.р., РФ, г. Санк-Петербург, ул. Таврическая, д.48 кв.45, паспорт 1104 149006 | H105: 270 | J105: 75060 | M105: оплата услуг по нписанию текстов и подготовки фотоматериалов кандидата | Q105: платежное поручение №913621 от 10.09.2015 | T105: рачетный ордер, договор Авт-2 от 01.08.2015 | W105: 0 | Z105: =J105-W105 -> 75060
Z106: =J106-W106 -> 0
C107: Итого: | J107: =SUM(J81:L106) -> 1237000 | W107: =SUM(W81:Y106) -> 0 | Z107: =SUM(Z81:AC106) -> 1237000
A109: **** По шифру строки в финансовом отчете указывается сумма фактически израсходованных средств.
A111: Кандидат | Q111: Фоменко Л.В.
J112: (подпись) | Q112: (инициалы, фамилия)
K114: (дата)
A115: Уполномоченный представитель по финансовым вопросам избирательного объединения __________________________
J116: (подпись) | Q116: (инициалы, фамилия)
P117: МП
K118: (дата)
B120: Примечание:
B121: в строке 3 п. IY ошибочно указан вид расходов М3 вместо М1.

Sheet прил 11
F1: Приложение 11 к Инструкции о порядке и формах учета и отчетности о поступлении средств в избирательные фонды кандидатов, избирательных объединений и расходовании этих средств, в том числе по каждой операции, при проведении выборов депутатов представительных органов и глав муниципальных образований на территории Владимирской области, утвержденной Постановлением Избирательной комиссии Владимирской области от 04.06.2015 № 86
D3: Итоговый | I3: ФИНАНСОВЫЙ ОТЧЕТ
D4: (первый, итоговый)
A5: о поступлении и расходовании средств избирательного фонда кандидата, избирательного объединения при проведении выборов
A6: ='прил 2'!C6 -> выборы депутатов Совета народных депутатов города Владимира двадцать седьмого созыва
A7: (наименование избирательной кампании)
A8: ='прил 2'!C8 -> Фоменко Леонид Васильевич,
A9: (фамилия, имя, отчество кандидата, наименование избирательного объединения)
A10: ='прил 2'!C10 -> одномандатный избирательный округ №8
A11: (наименование или номер избирательного округа)
A12: ='прил 2'!C12 -> 40810810110009000016 в ОАО Сбербанк России в Дополнительном офисе №8611/0168, г. Владимир, проспект Ленина д.62
A13: (номер специального избирательного счета, наименование и адрес филиала ОАО «Сбербанк России»)
A14: Строка финансового отчета | J14: Шифр строки | L14: Сумма (рублей) | O14: Примечание
A15: 1 | J15: 2 | L15: 3 | O15: 4
A16: 1 | B16: Поступило средств в избирательный фонд, всего* | J16: 10 | L16: =SUM(L18,L24) -> 1237000
B17: в том числе
A18: 1.1 | B18: Поступило средств в установленном порядке для формирования избирательного фонда | J18: 20 | L18: =SUM(L20:N23) -> 1237000
B19: из них
A20: 1.1.1 | B20: Собственные средства кандидата, избирательного объединения | J20: 30 | L20: =SUMIF('прил 2'!N18:P45,30,'прил 2'!Q18:S45) -> 12000
A21: 1.1.2 | B21: Средства, выделенные кандидату выдвинувшим его избирательным объединением | J21: 40 | L21: =SUMIF('прил 2'!N18:P45,40,'прил 2'!Q18:S45) -> 1225000
A22: 1.1.3 | B22: Добровольные пожертвования гражданина | J22: 50 | L22: =SUMIF('прил 2'!N18:P45,50,'прил 2'!Q18:S45) -> 0
A23: 1.1.4 | B23: Добровольные пожертвования юридического лица | J23: 60 | L23: =SUMIF('прил 2'!N18:P45,60,'прил 2'!Q18:S45) -> 0
A24: 1.2 | B24: Поступило в избирательный фонд денежных средств, подпадающих под действие п. 1, 4, 5, 6 ст. 57 Закона Владимирской области от 13.02.2003 № 10-ОЗ** | J24: 70 | L24: =SUM(L26,L27,L28,L29) -> 0
B25: из них
A26: 1.2.1 | B26: Собственные средства кандидата, избирательного объединения | J26: 80 | L26: =SUMIF('прил 2'!N18:P45,80,'прил 2'!Q18:S45) -> 0
A27: 1.2.2 | B27: Средства, выделенные кандидату выдвинувшим его избирательным объединением | J27: 90 | L27: =SUMIF('прил 2'!N18:P45,90,'прил 2'!Q18:S45) -> 0
A28: 1.2.3 | B28: Средства гражданина | J28: 100 | L28: =SUMIF('прил 2'!N18:P45,100,'прил 2'!Q18:S45) -> 0
A29: 1.2.4 | B29: Средства юридического лица | J29: 110 | L29: =SUMIF('прил 2'!N18:P45,110,'прил 2'!Q18:S45) -> 0
A30: 2 | B30: Возвращено денежных средств из избирательного фонда, всего | J30: 120 | L30: =SUM(L32,L33,L38) -> 0
B31: в том числе
A32: 2.1 | B32: Перечислено в доход бюджета | J32: 130 | L32: =SUMIF('прил 2'!N64:P73,130,'прил 2'!Q64:S73) -> 0
A33: 2.2 | B33: Возвращено жертвователям денежных средств, поступивших с нарушением установленного порядка | J33: 140 | L33: =SUM(L35,L36,L37) -> 0
B34: из них
A35: 2.2.1 | B35: Гражданам, которым запрещено осуществлять пожертвования либо не указавшим обязательные сведения в платежном документе | J35: 150 | L35: =SUMIF('прил 2'!N64:P73,150,'прил 2'!Q64:S73) -> 0
A36: 2.2.2 | B36: Юридическим лицам, которым запрещено осуществлять пожертвования либо не указавшим обязательные сведения в платежном документе | J36: 160 | L36: =SUMIF('прил 2'!N64:P73,160,'прил 2'!Q64:S73) -> 0
A37: 2.2.3 | B37: Средств, превышающих предельный размер добровольных пожертвований | J37: 170 | L37: =SUMIF('прил 2'!N64:P73,170,'прил 2'!Q64:S73) -> 0
A38: 2.3 | B38: Возвращено жертвователям денежных средств, поступивших в установленном порядке | J38: 180 | L38: =SUMIF('прил 2'!N64:P73,180,'прил 2'!Q64:S73) -> 0
A39: 3 | B39: Израсходовано средств, всего | J39: 190 | L39: =SUM(L41,L43,L44,L45,L46,L47,L48,L49) -> 1237000
B40: в том числе
A41: 3.1 | B41: На организацию сбора подписей избирателей | J41: 200 | L41: =SUMIF('прил 2'!H81:I106,200,'прил 2'!Z81:AC106)+L42 -> 0
A42: 3.1.1. | B42: Из них на оплату труда лиц, привлекаемых для сбора подписей избирателей | J42: 210 | L42: =SUMIF('прил 2'!H81:I106,210,'прил 2'!Z81:AC106) -> 0
A43: 3.2 | B43: На предвыборную агитацию через организации телерадиовещания | J43: 220 | L43: =SUMIF('прил 2'!H81:I106,220,'прил 2'!Z81:AC106) -> 0
A44: 3.3 | B44: На предвыборную агитацию через редакции периодических печатных изданий | J44: 230 | L44: =SUMIF('прил 2'!H81:I106,230,'прил 2'!Z81:AC106) -> 0
A45: 3.4 | B45: На выпуск и распространение печатных и иных агитационных материалов | J45: 240 | L45: =SUMIF('прил 2'!H81:I106,240,'прил 2'!Z81:AC106) -> 146387
A46: 3.5 | B46: На проведение агитационных публичных мероприятий | J46: 250 | L46: =SUMIF('прил 2'!H81:I106,250,'прил 2'!Z81:AC106) -> 0
A47: 3.6 | B47: На оплату работ (услуг) информационного и консультационного характера | J47: 260 | L47: =SUMIF('прил 2'!H81:I106,260,'прил 2'!Z81:AC106) -> 438000
A48: 3.7 | B48: На оплату других работ (услуг), выполненных (оказанных) юридическими лицами или гражданами РФ по договорам | J48: 270 | L48: =SUMIF('прил 2'!H81:I106,270,'прил 2'!Z81:AC106) -> 570813
A49: 3.8 | B49: На оплату иных расходов, непосредственно связанных с проведением избирательной кампании | J49: 280 | L49: =SUMIF('прил 2'!H81:I106,280,'прил 2'!Z81:AC106) -> 81800
A50: 4 | B50: Распределено неизрасходованного остатка средств фонда *** | J50: 290 | L50: =SUMIF('прил 2'!H81:I106,290,'прил 2'!Z81:AC106) -> 0
A51: 5 | B51: Остаток средств фонда на дату сдачи отчета (заверяется банковской справкой) | J51: 300 | L51: =SUM(L16-L30-L39-L50) -> 0
B52: (стр.300=стр.10-стр.120-стр.190-стр.290)
A53: Правильность сведений, указанных в настоящем финансовом отчете, подтверждаю. Других денежных средств, минуя избирательный фонд, на организацию и проведение избирательной кампании не привлекалось.
A54: Кандидат | H54: 09.10.2015 | L54: Фоменко Л.В.
H55: (подпись, дата) | L55: (инициалы, фамилия)
A57: Уполномоченный представитель по финансовым вопросам избирательного объединения ________________
H58: (подпись, дата) | K58: МП | L58: (инициалы, фамилия)
A61: * Указываются все денежные средства
A62: ** Указывается сумма денежных средств, поступивших с нарушением, в том числе с превышением установленного предельного размера
A63: *** Заполняется только в итоговом финансовом отчете
A64: Примечание: В конкретном отчете воспроизводится только одна строка для проставления подписи: для кандидата или для уполномоченного представителя по финансовым вопросам избирательного объединения, данное примечание не воспроизводится.

Sheet Порядок заполнения Учета
B2: новые строки можно добавлять только до голубой строки
B3: лишние (пустые) строки скрыть
B6: формат по образцу
G42: ячейка, содержащая формулу
J45: маркер заполнения
B47: При заполнении финансового отчета данные заносятся только в форму 2 "УЧЕТ поступления и расходования денежных средств, в том числе по каждой операции, избирательного фонда кандидата, избирательного объединения"
B48: Форма "Финансовый отчет" (Приложение 11) заполняется автоматически.
B49: При заполнении формы Учета (Приложение 2) необходимо:
B50: 1. Заполнить каждую графу соответствующего раздела, кроме графы 9 "Сумма фактически израсходованных средств" в разделе IV "Израсходовано средств избирательного фонда" (графа 9 заполняется автоматически)
B51: 2. В каждом разделе перед итоговой строкой должна оставаться незаполненной одна строка - голубая.
B52: 3.Если строк недостаточно, нужно добавить необходимое количество строк. Лишние (пустые) строки следует "скрыть"
B53: (выделить необходимое количество строк, при нажатии правой кнопки мыши в контекстном меню выбрать "скрыть". Если необходимо отобразить скрытые строки, выбрать "отобразить")
B54: 4. Вставленные строки необходимо привести к формату верхних строк. Для этого :выделите строку, формат которой нужно скопировать, на панели инструментов на вкладке "Главная" нажмите кнопку "Формат по образцу", далее выделите строку в которую необходимо скопировать формат.
B55: 5. Для автоматического заполнения ячеек в графе 9 раздела IV "Израсходовано средств избирательного фонда" во все вновь введенные ячейки нужно скопировать формулу.
B56: Скопировать формулу в соседние ячейки можно при помощи маркера заполнения ( + ), для этого выделите ячейку, содержащую формулу, и перетащите маркер заполнения в примыкающие к ней вновь введенные ячейки).
B59: Пароль | C59: 2015
